 Dungeon Crawl Stone Soup version 0.30.0-11-gf55b779eaf (webtiles) character file.

Game seed: 5036989388195096638

51507 Demosthentine the Grand Scion (level 14, -2/92 (104) HPs)
             Began as a Demonspawn Gladiator on May 16, 2023.
             Was a High Priest of Hepliaklqana.
             Engulfed by a ghost crab's spectral mist (3 damage)
             ... on level 3 of the Lair of Beasts.
             The game lasted 00:23:48 (20443 turns).

Demosthentine the Grand Scion (DsGl)               Turns: 20443, Time: 00:23:49

HP:   -2/92 (104)   AC: 11    Str: 18    XL:     14   Next: 23%
MP:   24/24         EV: 23    Int: 11    God:    Hepliaklqana [*****.]
Gold: 584           SH: 11    Dex: 17    Spells: 13/13 levels left

rFire   . . .        b - +2 trident (venom)
rCold   . . .        L - +2 buckler
rNeg    . . .        t - +0 leather armour {Will+}
rPois   .            c - +1 helmet
rElec   .            (no cloak)
rCorr   .            (gloves unavailable)
SInv    .            F - +0 pair of boots
Will    +++..        (no amulet)
Stlth   +            n - ring of willpower
HPRegen 0.35/turn    l - +5 ring of evasion
MPRegen 0.19/turn

%: no passive effects
@: about to teleport, heavily drained
A: reduced essence, icemail 1, spiny 1, big brain 1, condensation shield,
bedeviling, demonic touch 3
a: Renounce Religion, Recall Ancestor, Ancestor Identity, Transference, Idealise


You were on level 3 of the Lair of Beasts.
You worshipped Hepliaklqana.
Hepliaklqana was extremely pleased with you.
You visited 3 branches of the dungeon, and saw 19 of its levels.

You collected 902 gold pieces.
You spent 318 gold pieces at shops.

Inventory:

Hand Weapons
 b - a +2 trident of venom (weapon)
Missiles
 d - 2 curare-tipped darts (quivered)
 e - 2 silver boomerangs
 f - 40 poisoned darts
 g - a throwing net
 i - 13 boomerangs
 B - 5 javelins
Armour
 c - a +1 helmet (worn)
 t - a +0 leather armour of willpower (worn)
 F - a +0 pair of boots (worn)
 L - a +2 buckler (worn)
Jewellery
 l - a +5 ring of evasion (right hand)
 n - a ring of willpower (left hand)
Wands
 a - a wand of paralysis (23)
 k - a wand of digging (4)
 m - a wand of quicksilver (11)
 v - a wand of flame (49)
 C - a wand of mindburst (8)
 K - a wand of roots (15)
Scrolls
 h - a scroll of magic mapping
 u - 2 scrolls of immolation
 z - 2 scrolls of fog
 G - 4 scrolls of blinking
 H - a scroll of silence
Potions
 j - a potion of heal wounds
 o - 6 potions of curing
 w - 3 potions of flight
 D - 2 potions of cancellation
 E - a potion of invisibility
 M - a potion of haste
 Q - a potion of berserk rage


   Skills:
 + Level 12.7 Fighting
 + Level 11.8 Polearms
 - Level 1.7 Throwing
 - Level 6.4 Armour
 + Level 11.9 Dodging
 - Level 4.1 Shields
 + Level 13.3 Invocations


You had 13 spell levels left.
You didn't know any spells.
Your spell library contained the following spells:

 Spells                   Type           Power      Damage    Failure   Level
 Magic Dart               Conj           0%         1d3       45%         1
 Blink                    Tloc           0%         N/A       61%         2
 Call Imp                 Summ           0%         N/A       61%         2
 Lesser Beckoning         Tloc           0%         N/A       61%         2
 Momentum Strike          Conj/Tloc      0%         3d8       61%         2
 Sublimation of Blood     Necr           0%         N/A       61%         2
 Wereblood                Tmut           0%         N/A       61%         2
 Hailstorm                Conj/Ice       0%         3d3       83%         3
 Mephitic Cloud           Conj/Pois/Air  0%         N/A       83%         3
 Vhi's Electric Charge    Tloc/Air       0%         N/A       83%         3
 Animate Dead             Necr           0%         N/A       99%         4
 Ice Form                 Ice/Tmut       0%         N/A       99%         4
 Manifold Assault         Tloc           0%         N/A       99%         4
 Arcjolt                  Conj/Air       0%         1d10      100%        5
 Plasma Beam              Fire/Air       0%         2x1d11    100%        6
 Simulacrum               Ice/Necr       0%         N/A       100%        6
 Haunt                    Necr/Summ      0%         N/A       100%        7
 Storm Form               Tmut/Air       0%         N/A       100%        7
 Summon Hydra             Summ           0%         N/A       100%        7
 Infestation              Necr           0%         N/A       100%        8


Dungeon Overview and Level Annotations

Branches:
Dungeon (15/15)            Temple (1/1) D:5            Lair (3/5) D:10
  Swamp (0/4) Lair:3          Orc (0/2) D:9          Vaults (0/5) D:13
 Depths (0/4) D:15
  Snake: Lair:2-3    Spider: Lair:2-3

Altars:
Ashenzari
Cheibriados
Dithmenos
Fedhas
Gozag
Hepliaklqana
Kikubaaqudgha
Makhleb
Nemelex Xobeh
Okawaru
Qazlal
Ru
Sif Muna
Trog
Uskayaw
Vehumet
Wu Jian
Xom
Yredelemnul

Shops:
D:2 *   D:3 (   D:9 [*!

Annotations:
D:11 3 runed translucent doors, Guaramm's ghost, journeyman KoBr
Lair:2 exclusion: oklob plant


Innate Abilities, Weirdness & Mutations

Your life essence is reduced to manifest your ancestor. (-10% HP)
A meltable icy envelope protects you from harm. (AC +4)
You are partially covered in sharp spines.
You have an unusually large brain. (Int +2)
A meltable shield of frost defends you. (SH +4)
Your hexes are more powerful.
Your touch may irresistibly damage your foes and sap their willpower.


Message History

* * * LOW HITPOINT WARNING * * *
You feel drained.
The ghost crab breathes spectral mist at you.
The spectral mist engulfs the spectral eight-headed hydra but does no damage.
The spectral seven-headed hydra misses you.
The spectral seven-headed hydra closely misses you.
The spectral seven-headed hydra bites you but does no damage.
The spectral seven-headed hydra barely misses you.
You block the spectral seven-headed hydra's attack.
The spectral seven-headed hydra completely misses you.
You block the spectral seven-headed hydra's attack.
You hit the spectral seven-headed hydra.
The spectral seven-headed hydra is lightly damaged.
You are engulfed in spectral mist.
You block the spectral cane toad's attack.
You block the spectral eight-headed hydra's attack.
The spectral eight-headed hydra closely misses you. x2
The spectral eight-headed hydra bites you.
* * * LOW HITPOINT WARNING * * *
You feel drained.
* * * LOW HITPOINT WARNING * * *
The spectral eight-headed hydra completely misses you.
The spectral eight-headed hydra bites you.
* * * LOW HITPOINT WARNING * * *
You block the spectral eight-headed hydra's attack. x2
The spectral seven-headed hydra is struck by your spines.
The spectral seven-headed hydra bites you.
* * * LOW HITPOINT WARNING * * *
The spectral seven-headed hydra misses you.
The spectral seven-headed hydra bites you.
* * * LOW HITPOINT WARNING * * *
You feel drained.
The spectral seven-headed hydra closely misses you. x2
The spectral seven-headed hydra misses you.
The spectral seven-headed hydra bites you but does no damage.
Unknown command.
You completely miss the spectral seven-headed hydra.
The spectral seven-headed hydra is lightly damaged.
You are engulfed in spectral mist.
You die...

##.....## #......###
##..#..##.#
#....#....##
#..........#
#....#....####
#...##....###.
♣♣♣♣♣♣♣♣♣####....##.#
♣ZZZ@Z♣♣♣♣....##....#
♣☼t○♣♣Z○............##
§§°°°
♣°°°~............ §§°Z
♣°.......####..## ♣♣○
♣.~.....##.#..... ♣
..~.^♣♣♣.##.##...#.
♣.♣♣♣♣♣..#.......## ♣♣
##........####
####..>.......##


You could see a ghost crab, a spectral eight-headed hydra, a spectral
seven-headed hydra (summoned), a spectral elephant (summoned), 2 spectral cane
toads and a spectral rime drake.

Vanquished Creatures
  Gastronok (D:8)
  2 hydras (Lair:2)
  A vault guard (D:13)
  An ogre mage (D:15)
  A catoblepas (D:13)
  Erica (D:9)
  A boulder beetle (D:14)
  8 two-headed ogres
  Sonja (D:13)
  Amaemon (D:9)
  A skyshark (Lair:2)
  5 skeletal warriors
  Pikel (D:7)
  A wizard (D:15)
  A spectral hydra (Lair:3)
  6 ugly things (D:14)
  A deep elf pyromancer (D:13)
  A manticore (D:14)
  2 cyclopes
  3 black mambas
  8 elephants
  Maurice (D:9)
  An orange demon (D:9)
  2 cane toads (Lair:2)
  3 gargoyles
  2 komodo dragons
  An efreet (D:14)
  2 kobold demonologists
  2 tengu conjurers
  A rime drake (Lair:1)
  2 trolls
  A hornet (D:7)
  3 polar bears
  3 slime creatures
  A centaur simulacrum (D:13)
  A water elemental (D:13)
  A wraith (D:11)
  2 wyverns
  3 basilisks
  A yak (shapeshifter) (D:15)
  29 yaks
  An unseen horror simulacrum (D:9)
  Grum (D:8)
  6 vampire mosquitoes
  A steam dragon (D:8)
  8 water moccasins
  A meliai simulacrum (D:14)
  2 ice beasts
  A sky beast (D:7)
  7 black bears
  3 orc warriors
  4 centaurs
  3 ogres
  9 wolves
  A lemure (D:7)
  2 phantoms
  6 kobold brigands
  6 bullfrogs
  2 gnoll sergeants
  2 scorpions
  A water moccasin zombie (D:5)
  16 wights
  13 killer bees
  9 howler monkeys
  6 electric eels
  A hexer (D:11)
  5 hounds
  2 bullfrog zombies (D:5)
  A jelly (D:6)
  2 gnoll boudas
  8 orc priests
  A wyvern simulacrum (D:8)
  4 iguanas
  2 sleepcaps
  7 orc wizards
  4 hell rats (Lair:1)
  A howler monkey zombie (D:5)
  A killer bee simulacrum (D:8)
  13 gnolls
  6 adders
  4 shadow imps
  A white imp (D:9)
  A howler monkey simulacrum (D:9)
  3 ufetubi
  A dart slug (D:1)
  23 orcs
  9 bats
  8 endoplasms
  4 giant cockroaches
  6 hobgoblins
  5 jackals (D:2)
  A quokka (D:5)
  11 ball pythons
  13 goblins
  22 kobolds
  9 rats
400 creatures vanquished.

Vanquished Creatures (collateral kills)
  Erolcha (D:9)
  A catoblepas (D:14)
  2 centaur warriors (D:13)
  2 two-headed ogres (D:11)
  An elephant (Lair:1)
  A slime creature (D:15)
  A cane toad (Lair:1)
  An unseen horror (D:11)
  Maggie (D:8)
  3 komodo dragons
  A polar bear (D:9)
  A shadow (D:11)
  A water elemental (D:13)
  6 yaks
  2 wyverns
  2 vampire mosquitoes (D:10)
  A water moccasin (Lair:2)
  An orc warrior (D:8)
  A black bear (D:10)
  3 wights
  An electric eel (D:9)
  A howler monkey (D:12)
  An orc priest (D:7)
  A jelly (D:6)
  An orc wizard (D:5)
  A hound zombie (D:5)
  4 gnolls
  A white imp (D:9)
  An ufetubus (D:6)
  7 orcs
  4 kobolds (D:7)
56 creatures vanquished.

Vanquished Creatures (others)
  14 hexers
  5 ancestors
19 creatures vanquished.

Grand Total: 475 creatures vanquished

Notes
Turn   | Place    | Note
-------+----------+-------------------------------------------
     0 | D:1      | Demosthentine the Demonspawn Gladiator began the quest for
                  | the Orb.
     0 | D:1      | Reached XP level 1. HP: 16/16 MP: 1/1
    38 | D:1      | Gained mutation: Your touch may inflict minor irresistible
                  | damage on your foes. [demonic ancestry]
    38 | D:1      | Reached XP level 2. HP: 5/22 MP: 2/2
   200 | D:1      | Reached skill level 1 in Armour
   459 | D:1      | Gained mutation: You are partially covered in sharp spines.
                  | [demonic ancestry]
   459 | D:1      | Reached XP level 3. HP: 22/28 MP: 3/3
   743 | D:1      | Found a faded altar of an unknown god.
   991 | D:2      | Gained mutation: A meltable shield of frost defends you.
                  | (SH +4) [demonic ancestry]
   991 | D:2      | Reached XP level 4. HP: 34/34 MP: 4/4
  1513 | D:3      | Found Ygeimodghou's Weapon Shop.
  1815 | D:2      | Found a blossoming altar of Fedhas.
  1961 | D:2      | Found Weecroim's General Store.
  1964 | D:2      | Bought a scroll of teleportation for 33 gold pieces
  1964 | D:2      | Bought a potion of lignification for 33 gold pieces
  2612 | D:4      | Reached XP level 5. HP: 24/41 MP: 5/5
  2853 | D:4      | Noticed a phantom
  2863 | D:4      | Killed a phantom
  2864 | D:4      | Gained mutation: Your touch may inflict irresistible damage
                  | on your foes. [demonic ancestry]
  2864 | D:4      | Reached XP level 6. HP: 42/47 MP: 6/6
  3019 | D:4      | You fall into a shaft and drop 2 floors!
  3073 | D:6      | Gained mutation: Your touch may irresistibly damage your
                  | foes and sap their willpower. [demonic ancestry]
  3073 | D:6      | Reached XP level 7. HP: 37/54 MP: 7/7
  3129 | D:5      | Entered Level 5 of the Dungeon
  3420 | D:5      | Found a staircase to the Ecumenical Temple.
  3426 | Temple   | Entered the Ecumenical Temple
  3574 | Temple   | Became a worshipper of Hepliaklqana the Forgotten
  4093 | D:5      | Reached skill level 5 in Fighting
  4093 | D:5      | Reached skill level 5 in Polearms
  4093 | D:5      | Reached skill level 5 in Dodging
  4093 | D:5      | Gained mutation: Your hexes are more powerful. [demonic
                  | ancestry]
  4093 | D:5      | Reached XP level 8. HP: 62/62 MP: 8/8
  4174 | D:5      | Found an opulent altar of Gozag.
  4250 | D:5      | Reached * piety under Hepliaklqana
  4461 | D:5      | Found a basalt altar of Yredelemnul.
  5140 | D:5      | Reached skill level 5 in Armour
  5606 | D:6      | Reached XP level 9. HP: 60/62 MP: 9/9
  6856 | D:7      | Noticed Pikel
  6874 | D:7      | Killed Pikel
  7291 | D:7      | Reached ** piety under Hepliaklqana
  7292 | D:7      | Remembered your ancestor Xochitl as a hexer
  7540 | D:8      | Reached XP level 10. HP: 71/71 MP: 10/10
  7558 | D:8      | Reached skill level 1 in Invocations
  7739 | D:8      | Reached skill level 2 in Invocations
  7898 | D:8      | Noticed Gastronok
  7975 | D:8      | Noticed Grum
  7980 | D:8      | Reached skill level 3 in Invocations
  7982 | D:8      | Killed Grum
  8027 | D:8      | Noticed Maggie
  8039 | D:8      | Killed Maggie
  8040 | D:8      | Reached skill level 4 in Invocations
  8150 | D:8      | Killed Gastronok
  8151 | D:8      | Reached skill level 5 in Invocations
  9093 | D:9      | Noticed Amaemon
  9093 | D:9      | Found a staircase to the Orcish Mines.
  9093 | D:9      | Found Fuxugryzi's Antique Armour Boutique.
  9099 | D:9      | Noticed an orange demon
  9104 | D:9      | Killed Amaemon
  9105 | D:9      | Gained mutation: You have an unusually large brain. (Int
                  | +2) [demonic ancestry]
  9105 | D:9      | Reached XP level 11. HP: 78/78 MP: 15/15
  9111 | D:9      | Reached skill level 6 in Invocations
  9164 | D:9      | Noticed Erolcha
  9175 | D:9      | Killed Erolcha
  9338 | D:9      | Noticed a two-headed ogre
  9347 | D:9      | Killed a two-headed ogre
  9380 | D:9      | Reached *** piety under Hepliaklqana
  9380 | D:9      | Noticed Erica
  9387 | D:9      | Killed Erica
  9388 | D:9      | Reached skill level 7 in Invocations
  9593 | D:9      | Found Empeav's Distillery.
  9596 | D:9      | Bought 2 potions of heal wounds for 140 gold pieces
  9596 | D:9      | Bought a potion of curing for 42 gold pieces
  9596 | D:9      | Bought a potion of heal wounds for 70 gold pieces
  9608 | D:9      | Found Kuasteir's General Store.
  9851 | D:9      | Noticed Maurice
  9866 | D:9      | Killed Maurice
 10242 | D:10     | Entered Level 10 of the Dungeon
 10378 | D:10     | Found a staircase to the Lair.
 10449 | D:10     | Reached skill level 8 in Invocations
 10931 | D:10     | Reached skill level 10 in Fighting
 11526 | D:11     | Reached **** piety under Hepliaklqana
 11576 | D:11     | Noticed a two-headed ogre
 11583 | D:11     | Killed a two-headed ogre
 11598 | D:11     | Found a runed translucent gate.
 11598 | D:11     | Found a runed translucent gate.
 11598 | D:11     | Found a runed translucent gate.
 11599 | D:11     | Found an opulent altar of Gozag.
 11600 | D:11     | Noticed Guaramm's ghost (journeyman KoBr)
 11600 | D:11     | Noticed an ogre mage
 11656 | D:11     | Noticed a two-headed ogre
 11664 | D:11     | Killed a two-headed ogre
 11665 | D:11     | Reached skill level 9 in Invocations
 11665 | D:11     | Reached XP level 12. HP: 87/87 MP: 18/18
 11684 | D:11     | Found a hide-covered altar of Uskayaw.
 12411 | D:12     | Noticed a two-headed ogre
 12415 | D:12     | Killed a two-headed ogre
 12421 | D:12     | Noticed a two-headed ogre
 12429 | D:12     | Noticed a two-headed ogre
 12501 | D:11     | Killed a two-headed ogre
 12509 | D:11     | Reached skill level 10 in Polearms
 12509 | D:11     | Reached skill level 10 in Dodging
 12679 | D:11     | Killed a two-headed ogre
 12680 | D:11     | Reached skill level 10 in Invocations
 13506 | D:12     | Found an opulent altar of Gozag.
 13761 | D:13     | Noticed Sonja
 13773 | D:13     | Killed Sonja
 13824 | D:13     | Noticed a catoblepas
 13834 | D:13     | Killed a catoblepas
 13911 | D:13     | Identified the staff of fire "Mogholes" {Fragile rElec rF+
                  | Dex+6 Stlth+}
 14187 | D:13     | Noticed a centaur warrior
 14201 | D:13     | Killed a centaur warrior
 14202 | D:13     | Reached skill level 11 in Invocations
 14233 | D:13     | Noticed a centaur warrior
 14243 | D:13     | Killed a centaur warrior
 14388 | D:13     | Noticed a vault guard
 14589 | D:13     | Reached XP level 13. HP: 95/95 MP: 21/21
 14645 | D:13     | Found a gate to the Vaults.
 14941 | D:14     | Reached ***** piety under Hepliaklqana
 14979 | D:14     | Reached skill level 1 in Shields
 16739 | D:15     | Entered Level 15 of the Dungeon
 17048 | D:15     | Reached skill level 12 in Invocations
 17065 | D:15     | Found a staircase to the Depths.
 17680 | Lair:1   | Entered Level 1 of the Lair of Beasts
 19167 | Lair:2   | Gained mutation: A meltable icy envelope protects you from
                  | harm. (AC +4) [demonic ancestry]
 19167 | Lair:2   | Reached XP level 14. HP: 66/104 MP: 23/23
 19367 | Lair:2   | Reached skill level 13 in Invocations
 20435 | Lair:3   | Found a staircase to the Swamp.
 20442 | Lair:3   | HP: 3/94 [spectral seven-headed hydra[a ghost crab] (4)]
 20442 | Lair:3   | HP: 1/94 [spectral seven-headed hydra[a ghost crab] (2)]
 20443 | Lair:3   | Engulfed by a ghost crab's spectral mist

Illustrated notes

Levels and vault maps discovered:
D:1:      tekkud_arrival_beachfront_property, layout_basic,
          hellmonk_ecumenical_altar_inner_sanctum, serial_bayou_lake_a
D:2:      layout_basic, serial_shops, nicolae_shop_behind_doors, basic_altar,
          minmay_pentomino_u2
D:3:      layout_loops_cross, serial_shops, shop, grunt_ministairs_12
D:4:      layout_loops_cross
D:5:      layout_loops_corners, nicolae_yredelemnul_corpse_copse,
          mainiacjoe_overflow_six_doors_small,
          mainiacjoe_overflow_small_starburst, temple_green,
          dreamdust_wishing_well, minmay_stone_trees_small
D:6:      layout_loops_cross
D:7:      layout_loops_corners, uniq_pikel
D:8:      layout_basic, serial_ice, serial_ice_h, serial_ice_g, serial_ice_a,
          serial_ice_l, serial_ice_n, serial_ice_o, uniq_grum, uniq_maggie,
          uniq_gastronok
D:9:      layout_roguey, orc_0_dummy, serial_ice, serial_ice_k, serial_ice_c,
          serial_ice_g, serial_ice_d, serial_ice_e, serial_shops, shop,
          nicolae_shop_real_fake_doors, nicolae_shop_tiny_glass,
          kennysheep_another_room, hex_intersection, uniq_erica, uniq_maurice,
          uniq_amaemon, uniq_erolcha
D:10:     layout_roguey, minmay_lair_entry_grove
D:11:     layout_stronghold, ebering_ghost_gozag, nicolae_uskayaw_dance_hall
D:12:     layout_rooms, grunt_gozag_statues
D:13:     layout_basic, david_vaults_5, uniq_sonja
D:14:     layout_roguey, hangedman_decor_opposing
D:15:     gammafunk_depths_entry_grave, layout_rooms, nicolae_twisting_strands
Temple:   nicolae_temple_bog_church
Lair:1:   layout_misc_corridors, grunt_megastairs_1, serial_bayou_shore_b
Lair:2:   layout_cave_pods, lemuel_fruit_tree
Lair:3:   layout_misc_corridors, nicolae_swamp_entry_spooky,
          hellmonk_spider_entry_life_and_decay, nzn_sisyphean_effort

Skill      XL: |  1  2  3  4  5  6  7  8  9 10 11 12 13 14 |
---------------+-------------------------------------------+-----
Polearms       | 3 4 5 6 7 8 9 10 11 | 11.8
Dodging        | 3 4 5 6 7 8 9 10 11 | 11.9
Armour         | 1 2 3 5 6 |  6.4
Fighting       | 3 4 5 6 7 8 10 11 12 | 12.7
Invocations    | 5 9 11 12 13 | 13.3
Shields        | 4 |  4.1
Throwing       | |  1.7

Action                     |  1- 3 |  4- 6 |  7- 9 | 10-12 | 13-15 || total
---------------------------+-------+-------+-------+-------+-------++-------
  Melee: Trident           |    70 |   100 |   348 |   536 |   497 ||  1551
         Touch             |     6 |    12 |    54 |    94 |    74 ||   240
         Punch             |       |     1 |     2 |     6 |     3 ||    12
  Throw: Throwing net      |       |       |       |    11 |       ||    11
         Dart              |       |       |       |     1 |     2 ||     3
         Javelin           |       |       |       |     1 |       ||     1
 Invoke: Ancestor Life: He |       |       |     1 |       |       ||     1
         Recall Ancestor   |       |       |       |     3 |     1 ||     4
    Use: Scroll            |       |    12 |     6 |     3 |    11 ||    32
         Potion            |       |     2 |     1 |     5 |     8 ||    16
   Stab: Sleeping          |     1 |     4 |     1 |     2 |     2 ||    10
         Distracted        |       |       |     1 |    16 |    12 ||    29
         Confused          |       |       |       |    13 |    17 ||    30
         Held in net/web   |       |       |       |     4 |       ||     4
 Armour: Leather armour    |    11 |    13 |    47 |    58 |    48 ||   177
  Dodge: Dodged            |    31 |    25 |   192 |   294 |   318 ||   860
  Block: Other             |       |    10 |    51 |    55 |    27 ||   143
         Buckler           |       |       |       |       |    74 ||    74
